 Dungeon Crawl Stone Soup version 0.32-a0-391-gce5c0aab1b (webtiles) character file.

Game seed: 18360203207654456935

68 2tousent the Shooter (level 4, -4/34 HPs)
             Began as a Coglin Hunter on Feb 19, 2024.
             Slain by an ogre
             ... wielding a +0 giant club
              (24 damage)
             ... on level 2 of the Dungeon.
             The game lasted 00:02:13 (830 turns).

2tousent the Shooter (Coglin Hunter)                 Turns: 830, Time: 00:02:13

Health: -4/34      AC:  3    Str: 14    XL:     4   Next: 19%
Magic:  4/4        EV: 12    Int:  8    God:
Gold:   64         SH:  0    Dex: 17    Spells: 3/3 levels left

rFire   . . .        a - +0 shortbow {Publius}
rCold   . . .        (shield currently unavailable)
rNeg    . . .        c - +0 leather armour
rPois   .            (no helmet)
rElec   .            (no cloak)
rCorr   .            (no gloves)
SInv    .            (no boots)
Will    .....        (no amulet)
Stlth   ++           (no ring)
HPRegen 0.25/turn    (no ring)
MPRegen 0.09/turn

%: no passive effects
@: revved, stiff-legged, very slow
A: off-hand wielding, slow wielding, warmup strikes, warmup strides
a: no special abilities


You were on level 2 of the Dungeon.
You visited 1 branch of the dungeon, and saw 2 of its levels.

You collected 64 gold pieces.

Inventory:

Hand Weapons
 a - a +0 shortbow (weapon) {Publius}
Missiles
 j - 2 boomerangs
Armour
 c - a +0 leather armour (worn)
 f - a scarf of harm
Scrolls
 b - a scroll of butterflies
 e - a scroll of identify
Potions
 d - a potion of haste
 g - 2 potions of curing {unknown}
 i - a potion of degeneration {unknown}
 k - a potion of brilliance {unknown}
 l - a potion of resistance {unknown}


   Skills:
 + Level 2.6 Fighting
 * Level 4.3 Ranged Weapons
 + Level 1.2 Armour
 + Level 2.2 Dodging
 - Level 0.7 Stealth


You had 3 spell levels left.
You didn't know any spells.
Your spell library was empty.

Dungeon Overview and Level Annotations

Branches:
Dungeon (2/15)

Altars:


Innate Abilities, Weirdness & Mutations

You can wield a second weapon in your off-hand.
It takes a long time for you to wield or remove held weapons.
Your first few attacks do less damage.
Your first movements take longer.


Message History

You kill the hobgoblin!
You see here a scarf of harm.
f - a scarf of harm HP restored.
A hobgoblin comes into view.
You shoot an arrow. The arrow barely misses the hobgoblin.
You shoot an arrow. The arrow hits the hobgoblin.
The hobgoblin is almost dead.
You shoot an arrow. The arrow hits the hobgoblin.
You kill the hobgoblin!
A frilled lizard comes into view.
You shoot an arrow. The arrow misses the frilled lizard.
The frilled lizard misses you.
The frilled lizard bites you but does no damage.
A frilled lizard is nearby!
You shoot an arrow. The arrow misses the frilled lizard.
The frilled lizard bites you but does no damage.
You shoot an arrow. The arrow hits the frilled lizard.
You kill the frilled lizard!
No target in view!
No target in view!
A rat comes into view.
You see here a frilled lizard corpse.
A rat is nearby!
You shoot an arrow. The arrow hits the rat.
You kill the rat!
No target in view!
No target in view!
The ogre shouts!
You shoot an arrow.
The arrow hits the ogre but does no damage.
You shoot an arrow. The arrow hits the ogre.
The ogre is lightly wounded.
The ogre hits you with a +0 giant club!
You shoot an arrow.
The arrow hits the ogre but does no damage.
The ogre is lightly wounded.
The ogre hits you with a +0 giant club!!
Ouch! That really hurt!
You die...

#.......# .. #.......#
... #.......# #.#
#.......# #.#
#.......###.#####
#...............##
####..##.#..#.....
##########..#.......#
#......@.......#.†###.#
#.##.#O###..####.†....#
.##.#. #..#####.#####
#.#. .. #.........# ...
... #.#####...# ..#..#.
#.# #...# ....... ..#
#...# #######†##....
### #...# #.......#
#...#


You could see an ogre.

Vanquished Creatures
  A ribbon worm (D:2)
  3 ball pythons
  11 endoplasms
  A giant cockroach (D:1)
  3 goblins
  5 hobgoblins
  4 quokkas (D:1)
  2 bats (D:1)
  3 frilled lizards
  A rat (D:2)
34 creatures vanquished.

Notes
Turn   | Place    | Note
-------+----------+-------------------------------------------
     0 | D:1      | 2tousent the Coglin Hunter began the quest for the Orb.
     0 | D:1      | Reached XP level 1. HP: 16/16 MP: 1/1
    21 | D:1      | Reached XP level 2. HP: 21/22 MP: 2/2
   164 | D:1      | Reached skill level 4 in Ranged Weapons
   200 | D:1      | Reached XP level 3. HP: 28/28 MP: 3/3
   298 | D:1      | Reached skill level 1 in Armour
   624 | D:2      | Noticed an ogre
   751 | D:2      | Reached XP level 4. HP: 34/34 MP: 4/4
   830 | D:2      | Slain by an ogre

Illustrated notes

Levels and vault maps discovered:
D:1:      dpeg_arrival_tiny_g, layout_basic, corexii_leaking_fountain,
          minmay_misc_feat_square, hex_medium
D:2:      layout_loops_cross, basic_altar, uniq_terence

Skill      XL: |  1  2  3 |
---------------+----------+-----
Ranged Weapons | 4 |  4.3
Dodging        | 2 |  2.2
Armour         | 1 |  1.2
Fighting       | |  2.6
Stealth        | |  0.7

Action                     |  1- 3 |  4- 6 || total
---------------------------+-------+-------++-------
   Fire: Shortbow          |    96 |    19 ||   115
    Use: Scroll            |     3 |       ||     3
 Armour: Leather armour    |    16 |     5 ||    21
  Dodge: Dodged            |    28 |     2 ||    30

Table legend: (Time is in decaauts)
 A = Elapsed time spent in this place.
 B = Non-inter-level travel time spent in this place.
 C = Inter-level travel time spent in this place.
 D = Time resting spent in this place.
 E = Time spent auto-exploring this place.
 F = Levels seen in this place.
 G = Mean time per level.
                   A        B        C        D        E       F      G
               +--------+--------+--------+--------+--------+-----+--------+
         Total |    902 |    825 |     77 |      0 |    586 |   2 |  451.0 |
       Dungeon |    902 |    825 |     77 |      0 |    586 |   2 |  451.0 |
               +--------+--------+--------+--------+--------+-----+--------+

Top non-repeatable levels by time:
     D:1: 691 daAuts
     D:2: 211 daAuts
